 Dungeon Crawl Stone Soup version 0.27.1-4-g1640c2035a (webtiles) character file.

Game seed: 5705534036972633116

332 adizb the Covert (level 6, 0/45 HPs)
             Began as a Gnoll Brigand on Nov 14, 2021.
             Was an Initiate of Wu Jian.
             Slain by an iguana (3 damage)
             ... on level 4 of the Dungeon.
             The game lasted 00:24:10 (2466 turns).

adizb the Covert (Gnoll Brigand)                    Turns: 2466, Time: 00:24:11

Health: 0/45       AC:  6    Str: 14    XL:     6   Next: 52%
Magic:  9/9        EV: 11    Int:  8    God:    Wu Jian [......]
Gold:   153        SH:  0    Dex: 14    Spells: 7/9 levels left

rFire    . . .     SeeInvis .   a - +3 dagger
rCold    . . .     Faith    .   (no shield)
rNeg     . . .     Spirit   .   g - +0 ring mail
rPois    .         Reflect  .   (no helmet)
rElec    .         Harm     .   c - +0 cloak
rCorr    .         Rampage  .   (no gloves)
Will     .....                  (no boots)
Stlth    +++.......             m - amulet of the acrobat
HPRegen  0.15/turn              b - ring of wizardry
MPRegen  0.11/turn              (no ring)

@: no status effects
A: fangs 1, strong nose, distributed training, dopey 1, frail 1, sense
surroundings 1, strong 1
a: Renounce Religion


You were on level 4 of the Dungeon.
You worshipped Wu Jian.
Wu Jian was noncommittal.
You visited 1 branch of the dungeon, and saw 4 of its levels.

You collected 153 gold pieces.

Inventory:

Hand Weapons
 a - a +3 dagger (weapon)
Missiles
 d - 42 poisoned darts (quivered)
 e - 2 curare-tipped darts
 o - 47 arrows
Armour
 c - a +0 cloak (worn)
 g - a +0 ring mail (worn)
 p - a +0 ring mail
 s - a +3 leather armour
Jewellery
 b - a ring of wizardry (left hand)
 m - an amulet of the acrobat (around neck)
 r - a ring of flight
Wands
 t - a wand of flame (9)
Scrolls
 f - a scroll of enchant weapon
 i - a scroll of blinking {unknown}
 j - a scroll of enchant armour {unknown}
 l - a scroll of fear
Potions
 h - a potion of mutation
 k - a potion of attraction {unknown}
 n - a potion of curing {unknown}
 q - a potion of flight {unknown}


   Skills:
 + Level 5.0 Fighting
 + Level 5.0 Short Blades
 + Level 2.0 Long Blades
 + Level 2.0 Axes
 + Level 2.0 Maces & Flails
 + Level 2.0 Polearms
 + Level 2.0 Staves
 + Level 2.0 Slings
 + Level 2.0 Bows
 + Level 2.0 Crossbows
 + Level 5.0 Throwing
 + Level 2.0 Armour
 + Level 3.2 Dodging
 + Level 8.0 Stealth
 + Level 2.0 Shields
 + Level 2.0 Unarmed Combat
 + Level 2.0 Spellcasting
 + Level 1.5 Conjurations
 + Level 1.5 Hexes
 + Level 1.5 Summonings
 + Level 1.5 Necromancy
 + Level 1.5 Translocations
 + Level 1.5 Transmutations
 + Level 1.5 Fire Magic
 + Level 1.5 Ice Magic
 + Level 1.5 Air Magic
 + Level 1.5 Earth Magic
 + Level 1.5 Poison Magic
 + Level 2.2 Invocations
 + Level 2.0 Evocations


You had 7 spell levels left.
You knew the following spells:

 Your Spells              Type           Power      Damage    Failure   Level
a - Ensorcelled Hibernat  Hex/Ice        6%         N/A       22%         2

Your spell library contained the following spells:

 Spells                   Type           Power      Damage    Failure   Level
 Animate Skeleton         Necr           6%         N/A       16%         1
 Apportation              Tloc           6%         N/A       16%         1
 Corona                   Hex            3%         N/A       16%         1
 Summon Small Mammal      Summ           12%        N/A       16%         1
 Spider Form              Tmut/Pois      1%         N/A       38%         3
 Shadow Creatures         Summ           N/A        N/A       100%        6


Dungeon Overview and Level Annotations

Branches:
Dungeon (4/15)
 Temple: D:4-7

Altars:
Gozag
Kikubaaqudgha
Wu Jian


Innate Abilities, Weirdness & Mutations

You have very sharp teeth.
Your uncanny sense of smell can sniff out nearby items.
Your experience applies equally to all skills.
You are dopey. (Int -2)
You are frail. (-10% HP)
You passively map a small area around you.
Your muscles are strong. (Str +2)


Message History

Your Shields skill increases to level 2!
Your Unarmed Combat skill increases to level 2!
Your Spellcasting skill increases to level 2!
Your Evocations skill increases to level 2!
d - 43 poisoned darts (gained 1)
d - 44 poisoned darts (gained 1)
d - 45 poisoned darts (gained 1)
d - 46 poisoned darts (gained 1)
An iguana comes into view.
The iguana hisses angrily.
The iguana moves out of view.
Throw: 46 darts (poison)
Press: ? - help, Q - select action, (/) - cycle Shift-Dir - straight line, f - iguana
Aim: an iguana (66% to hit)
You throw a poisoned dart. The poisoned dart hits the iguana!
The iguana is poisoned.
Throw: 45 darts (poison)
Press: ? - help, Q - select action, (/) - cycle Shift-Dir - straight line, f/p - iguana
Aim: an iguana (very poisoned, 66% to hit)
You throw a poisoned dart. The poisoned dart hits the iguana!
The iguana looks as sick as possible!
Throw: 44 darts (poison)
Press: ? - help, Q - select action, (/) - cycle Shift-Dir - straight line, f/p - iguana
Aim: an iguana (heavily wounded, extremely poisoned, 66% to hit)
You throw a poisoned dart. The poisoned dart hits the iguana!
The iguana looks as sick as possible!
The iguana is heavily wounded.
You hit the iguana but do no damage.
The iguana is heavily wounded.
The iguana bites you!
* * * LOW HITPOINT WARNING * * *
The iguana hisses menacingly.
Throw: 43 darts (poison)
Press: ? - help, Q - select action, (/) - cycle Shift-Dir - straight line, f/p - iguana
Aim: an iguana (severely wounded, extremely poisoned, 66% to hit)
You throw a poisoned dart. The poisoned dart hits the iguana.
The iguana looks as sick as possible!
The iguana is severely wounded.
The iguana bites you.
You die...

...# *, ..# *.# ,
, ..# *.# # * **
#.# *.# #.
#.#######.#* #.###
###<......#.##
*...#
#.(.####.##... *
#.###.#.####...# *
#@l.(.#......#.###
#####^#####.##...#
#.# #....#.# #.#
####.#.. ### #.###
* #.# *, #.# ...
,, **


You could see an iguana (extremely poisoned).

Vanquished Creatures
  A phantom (D:4)
  A scorpion (D:3)
  An orc priest (D:3)
  Natasha (thrice) (D:3)
  An adder (D:3)
  2 worms (D:3)
  2 dart slugs
  5 orcs (D:3)
  3 endoplasms (D:1)
  5 giant cockroaches
  6 goblins
  6 hobgoblins
  4 jackals (D:1)
  3 quokkas
  8 ball pythons
  6 bats
  4 frilled lizards
  11 kobolds
  10 rats
  A spectral hobgoblin (D:2)
83 creatures vanquished.

Vanquished Creatures (others)
  9 fungi (D:3)
9 creatures vanquished.

Grand Total: 92 creatures vanquished

Notes
Turn   | Place    | Note
-------+----------+-------------------------------------------
     0 | D:1      | adizb the Gnoll Brigand began the quest for the Orb.
     0 | D:1      | Reached XP level 1. HP: 20/20 MP: 1/1
   102 | D:1      | Reached XP level 2. HP: 26/26 MP: 2/2
   698 | D:1      | Reached XP level 3. HP: 30/31 MP: 3/3
   908 | D:2      | Reached skill level 1 in Invocations
  1147 | D:2      | Reached skill level 1 in Long Blades
  1147 | D:2      | Reached skill level 1 in Axes
  1147 | D:2      | Reached skill level 1 in Maces & Flails
  1147 | D:2      | Reached skill level 1 in Polearms
  1147 | D:2      | Reached skill level 1 in Staves
  1147 | D:2      | Reached skill level 1 in Slings
  1147 | D:2      | Reached skill level 1 in Bows
  1147 | D:2      | Reached skill level 1 in Crossbows
  1147 | D:2      | Reached skill level 1 in Armour
  1147 | D:2      | Reached skill level 1 in Shields
  1147 | D:2      | Reached skill level 1 in Unarmed Combat
  1147 | D:2      | Reached skill level 1 in Spellcasting
  1147 | D:2      | Reached skill level 1 in Evocations
  1206 | D:2      | Reached XP level 4. HP: 38/38 MP: 5/5
  1580 | D:2      | Found a faded altar of an unknown god.
  1770 | D:3      | Noticed Natasha
  1783 | D:3      | Killed Natasha
  1784 | D:3      | Reached skill level 1 in Conjurations
  1784 | D:3      | Reached skill level 1 in Hexes
  1784 | D:3      | Reached skill level 1 in Summonings
  1784 | D:3      | Reached skill level 1 in Necromancy
  1784 | D:3      | Reached skill level 1 in Translocations
  1784 | D:3      | Reached skill level 1 in Transmutations
  1784 | D:3      | Reached skill level 1 in Fire Magic
  1784 | D:3      | Reached skill level 1 in Ice Magic
  1784 | D:3      | Reached skill level 1 in Air Magic
  1784 | D:3      | Reached skill level 1 in Earth Magic
  1784 | D:3      | Reached skill level 1 in Poison Magic
  1785 | D:3      | Noticed Natasha
  1794 | D:3      | Killed Natasha
  1795 | D:3      | Reached XP level 5. HP: 28/43 MP: 5/7
  1938 | D:3      | Found an ornate altar of the Wu Jian Council.
  1962 | D:3      | Became a worshipper of the Wu Jian Council
  2058 | D:3      | Noticed Natasha
  2070 | D:3      | Killed Natasha
  2107 | D:3      | Gained mutation: You passively map a small area around you.
                  | [potion of mutation]
  2107 | D:3      | Gained mutation: You are dopey. (Int -2) [potion of
                  | mutation]
  2107 | D:3      | Gained mutation: You are frail. (-10% HP) [potion of
                  | mutation]
  2107 | D:3      | Gained mutation: Your muscles are strong. (Str +2) [potion
                  | of mutation]
  2125 | D:3      | Found an opulent altar of Gozag.
  2213 | D:3      | Found an ancient bone altar of Kikubaaqudgha.
  2221 | D:3      | Reached skill level 8 in Stealth
  2221 | D:3      | Reached XP level 6. HP: 6/45 MP: 8/8
  2412 | D:3      | Learned a level 2 spell: Ensorcelled Hibernation
  2431 | D:4      | Reached skill level 5 in Fighting
  2431 | D:4      | Reached skill level 5 in Short Blades
  2431 | D:4      | Reached skill level 5 in Throwing
  2464 | D:4      | HP: 2/45 [iguana (7)]
  2466 | D:4      | Slain by an iguana

Illustrated notes

Levels and vault maps discovered:
D:1:      onia_arrival_handbag, layout_basic, minmay_pentomino_q4
D:2:      minmay_kobold_bridge, layout_basic,
          dreamdust_ecumenical_altar_drowned_temple
D:3:      layout_basic, nicolae_gozag_cash_rules_everything_around_me,
          mainiacjoe_overflow_chevrons, mainiacjoe_overflow_brackets,
          minivault_11, minmay_misc_feat_tiny, uniq_natasha
D:4:      layout_basic, portal_sewer_entry_d, hangedman_decor_diamond_cutter

Skill      XL: |  1  2  3  4  5  6 |
---------------+-------------------+-----
Invocations    | 1 2 |  2.2
Long Blades    | 1 2 |  2.0
Axes           | 1 2 |  2.0
Maces & Flails | 1 2 |  2.0
Polearms       | 1 2 |  2.0
Staves         | 1 2 |  2.0
Slings         | 1 2 |  2.0
Bows           | 1 2 |  2.0
Crossbows      | 1 2 |  2.0
Armour         | 1 2 |  2.0
Shields        | 1 2 |  2.0
Unarmed Combat | 1 2 |  2.0
Spellcasting   | 1 2 |  2.0
Evocations     | 1 2 |  2.0
Conjurations   | 1 |  1.5
Hexes          | 1 |  1.5
Summonings     | 1 |  1.5
Necromancy     | 1 |  1.5
Translocations | 1 |  1.5
Transmutations | 1 |  1.5
Fire Magic     | 1 |  1.5
Ice Magic      | 1 |  1.5
Air Magic      | 1 |  1.5
Earth Magic    | 1 |  1.5
Poison Magic   | 1 |  1.5
Dodging        | 3 |  3.2
Stealth        | 8 |  8.0
Fighting       | 5 |  5.0
Short Blades   | 5 |  5.0
Throwing       | 5 |  5.0

Action                   |  1- 3 |  4- 6 || total
-------------------------+-------+-------++-------
Melee: Dagger            |   118 |    92 ||   210
       Bite              |    11 |    14 ||    25
       Punch             |     1 |     1 ||     2
Throw: Dart              |    61 |    52 ||   113
Invok: Lunge             |       |     2 ||     2
Evoke: Wand              |       |     3 ||     3
  Use: Scroll            |     1 |     1 ||     2
       Potion            |       |     1 ||     1
 Stab: Sleeping          |     3 |     5 ||     8
Armor: Robe              |    13 |       ||    13
       Ring mail         |    10 |    28 ||    38
Dodge: Dodged            |    55 |    53 ||   108
